 Dungeon Crawl Stone Soup version 0.32-a0-871-ge202e49faa (webtiles) character file.

Game seed: 12302393540432428104

111 bmack86 the Shield-Bearer (level 4, -2/39 HPs)
             Began as a Minotaur Fighter on Mar 29, 2024.
             Slain by a gnoll
             ... wielding a +0 flail
              (6 damage)
             ... on level 2 of the Dungeon on Mar 30, 2024.
             The game lasted 00:05:11 (1356 turns).

bmack86 the Shield-Bearer (Minotaur Fighter)        Turns: 1356, Time: 00:05:12

Health: -2/39      AC:  6    Str: 22    XL:     4   Next: 62%
Magic:  3/3        EV:  8    Int:  5    God:
Gold:   112        SH:  4    Dex: 10    Spells: 3/3 levels left

rFire   . . .        a - +0 war axe
rCold   . . .        c - +0 buckler
rNeg    . . .        b - +0 scale mail
rPois   .            (helmet restricted)
rElec   .            (no cloak)
rCorr   .            (no gloves)
SInv    .            (no boots)
Will    .....        (no amulet) Stlth
                     (no ring)
HPRegen 0.26/turn    (no ring)
MPRegen 0.08/turn

%: no passive effects
@: mighty
A: horns 2, retaliatory headbutt
a: no special abilities


You were on level 2 of the Dungeon.
You visited 1 branch of the dungeon, and saw 3 of its levels.

You collected 132 gold pieces.
You spent 20 gold pieces at shops.

Inventory:

Hand Weapons
 a - a +0 war axe (weapon)
Armour
 b - a +0 scale mail (worn)
 c - a +0 buckler (worn)
Scrolls
 e - a scroll of blinking {unknown}
 g - a scroll of identify
 h - a scroll of amnesia {unknown}
 j - a scroll of silence {unknown}
 k - 2 scrolls of revelation {unknown}
Potions
 f - a potion of brilliance
 i - 3 potions of curing


   Skills:
 - Level 3.6 Fighting
 + Level 4.9 Axes
 - Level 3.6 Armour
 - Level 5.0 Shields


You had 3 spell levels left.
You didn't know any spells.
Your spell library was empty.

Dungeon Overview and Level Annotations

Branches:
Dungeon (3/15)

Altars:

Shops:
D:1 =   D:3 ?


Innate Abilities, Weirdness & Mutations

You have a pair of horns on your head.
You reflexively headbutt those who attack you in melee.


Message History

You kill the dart slug!
An endoplasm comes into view.
The endoplasm quivers.
You slash the endoplasm!
You kill the endoplasm!
A dart slug comes into view.
The dart slug launches a dart at you.
The slug dart hits you but does no damage.
Found a plate armour.
You hit the dart slug. You headbutt the dart slug.
You kill the dart slug!
A gnoll comes into view. It is wielding a +0 flail.
The gnoll shouts!
You hear a shout!
A gnoll comes into view. It is wielding a +0 flail.
The gnoll shouts!
A gnoll comes into view. It is wielding a +0 flail.
You see here 13 gold pieces.
The gnoll shouts!
You barely miss the gnoll. The gnoll hits you with a +0 flail.
You slash the gnoll!
You kill the gnoll!
You slash the gnoll! The gnoll hits you with a +0 flail.
A kobold comes into view. It is wielding a +0 antimagic whip.
The kobold shouts!
You block the gnoll's attack. The gnoll hits you with a +0 flail.
Things that are here:
a +0 flail; a gnoll corpse You closely miss the gnoll.
You headbutt the gnoll.
The gnoll is heavily wounded.
You barely miss the gnoll. The gnoll hits you with a +0 flail! x2
* * * LOW HITPOINT WARNING * * *
You hit the gnoll. Your headbutt misses the gnoll.
The gnoll is severely wounded.
You hit the gnoll but do no damage. The gnoll hits you with a +0 flail.
* * * LOW HITPOINT WARNING * * *
The gnoll hits you but does no damage. You block the gnoll's attack.
The gnoll closely misses you.
You feel very mighty all of a sudden. The gnoll barely misses you.
The gnoll hits you with a +0 flail.
You die...

.......# .........#.## #.##.#
##....## ..##.###.##...# #.##..
##....###.#.# ......#.#.## #.##.#
..........#...##.##...#..# #....#
#....##.#.# #.#...#.#.#.######.##
#.......#...#...ß...#...#......##
#.#####.#.#.#.#...#.#.#.###......
#.# .)#...##g##...#..########
#.#. .# #.Kg@.$.#.#.#.. #...
..##.###.##...###. ..# ...
......#.# # ### ##. #.###.##..# #
... ... .....## # #. #.# ###.###
# . ..# .### # .. # #


You could see 2 gnolls and a kobold.

Vanquished Creatures
  Natasha (D:3)
  3 adders (D:2)
  A gnoll (D:2)
  6 dart slugs
  A ball python (D:1)
  5 endoplasms
  A giant cockroach (D:1)
  6 goblins
  3 hobgoblins
  A quokka (D:2)
  2 bats (D:1)
  A frilled lizard (D:1)
  3 kobolds (D:1)
  8 rats
42 creatures vanquished.

Notes
Turn   | Place    | Note
-------+----------+-------------------------------------------
     0 | D:1      | bmack86 the Minotaur Fighter began the quest for the Orb.
     0 | D:1      | Reached XP level 1. HP: 19/19 MP: 0/0
    98 | D:1      | Reached skill level 4 in Shields
   134 | D:1      | Reached XP level 2. HP: 26/26 MP: 1/1
   477 | D:1      | Reached XP level 3. HP: 28/31 MP: 2/2
   495 | D:1      | Found Yfebulee's Jewellery Shop.
   918 | D:2      | Reached skill level 5 in Shields
  1093 | D:2      | You fall into a shaft and drop 1 floor!
  1093 | D:3      | Found Zasixt's Magic Scroll Emporium.
  1100 | D:3      | Bought a scroll of identify for 20 gold pieces
  1126 | D:3      | Noticed Natasha
  1130 | D:3      | Killed Natasha
  1131 | D:3      | Reached XP level 4. HP: 39/39 MP: 3/3
  1356 | D:2      | Slain by a gnoll

Illustrated notes

Levels and vault maps discovered:
D:1:      dpeg_arrival_subterranean_lakeside_camping, layout_basic,
          serial_shops, nicolae_shop_gaudy_bauble, grunt_decor_cap
D:2:      layout_basic, nicolae_concentric_dashed_squares_wild,
          minmay_gold_behind_fungi
D:3:      layout_loops_ring, overflow_temple_1_default, serial_shops,
          nicolae_shop_stone, uniq_crazy_yiuf_cottage, uniq_natasha,
          uniq_grinder

Skill      XL: |  1  2  3 |
---------------+----------+-----
Shields        | 4 5 |  5.0
Axes           | 3 4 |  4.9
Fighting       | |  3.6
Armour         | |  3.6

Action                     |  1- 3 |  4- 6 || total
---------------------------+-------+-------++-------
  Melee: War axe           |    61 |    18 ||    79
         Headbutt          |     6 |     3 ||     9
    Use: Scroll            |     3 |       ||     3
         Potion            |       |     1 ||     1
 Armour: Scale mail        |    47 |    21 ||    68
  Dodge: Dodged            |    24 |     6 ||    30
  Block: Buckler           |    15 |     4 ||    19

Table legend: (Time is in decaauts)
 A = Elapsed time spent in this place.
 B = Non-inter-level travel time spent in this place.
 C = Inter-level travel time spent in this place.
 D = Time resting spent in this place.
 E = Time spent auto-exploring this place.
 F = Levels seen in this place.
 G = Mean time per level.
                   A        B        C        D        E       F      G
               +--------+--------+--------+--------+--------+-----+--------+
         Total |   1390 |   1349 |     41 |      0 |    954 |   3 |  463.3 |
       Dungeon |   1390 |   1349 |     41 |      0 |    954 |   3 |  463.3 |
               +--------+--------+--------+--------+--------+-----+--------+

Top non-repeatable levels by time:
     D:1: 926 daAuts
     D:2: 406 daAuts
     D:3: 56 daAuts
